 Dungeon Crawl Stone Soup version 0.23.2-1-ga50397a (webtiles) character file.

Game seed: 9395786438893450093

239 Fang the Skirmisher (level 6, 0/39 HPs)
             Began as a Gargoyle Berserker on May 17, 2019.
             Was a Believer of Trog.
             Slain by a river rat (5 damage)
             ... summoned by Eustachio
             ... on level 6 of the Dungeon.
             The game lasted 00:02:23 (2476 turns).

Fang the Skirmisher (Gargoyle Berserker)            Turns: 2476, Time: 00:02:23

Health: 0/39       AC: 13    Str: 23      XL:     6   Next: 7%
Magic:  6/6        EV:  9    Int: 11      God:    Trog [**....]
Gold:   93         SH:  0    Dex:  8 (9)  Spells: 5/5 levels left

rFire    . . .     SeeInvis .   n - +0 hand axe (holy)
rCold    . . .     Gourm    .   (no shield)
rNeg     + . .     Faith    .   b - +0 chain mail
rPois    ∞         Spirit   .   (no helmet)
rElec    +         Reflect  .   (no cloak)
rCorr    .         Harm     .   (no gloves)
MR       ++...                  (no boots)
Stlth    ..........             (no amulet)
HPRegen  1.13/turn              m - +4 ring of intelligence
MPRegen  0.10/turn              (no ring)

@: regenerating
A: negative energy resistance 1, electricity resistance, unbreathing,
petrification resistance, rot immunity, AC +4
a: Berserk, Trog's Hand, Renounce Religion


You were on level 6 of the Dungeon.
You worshipped Trog.
Trog was pleased with you.
You were not hungry.

You visited 1 branch of the dungeon, and saw 5 of its levels.

You collected 93 gold pieces.

Inventory:

Hand Weapons
 a - a +0 hand axe
 n - a +0 hand axe of holy wrath (weapon)
Armour
 b - a +0 chain mail (worn)
Jewellery
 m - a +4 ring of intelligence (left hand)
Wands
 t - a wand of flame (9)
Scrolls
 e - 7 scrolls of identify {unknown}
 f - a scroll of enchant armour {unknown}
 h - 3 scrolls of remove curse {unknown}
 p - a scroll of random uselessness {unknown}
 r - a scroll of teleportation {unknown}
Potions
 d - 2 potions of flight {unknown}
 g - a potion of agility {unknown}
 i - a potion of curing {unknown}
 j - a potion of might {unknown}
 k - 2 potions of invisibility {unknown}
 l - a potion of brilliance {unknown}
 q - a potion of degeneration {unknown}
 s - a potion of magic {unknown}
Comestibles
 c - 6 rations


   Skills:
 + Level 4.6 Fighting
 + Level 3.7 Axes
 + Level 3.8 Armour
 + Level 2.8 Dodging


You had 5 spell levels left.
You didn't know any spells.
Your spell library was empty.

Dungeon Overview and Level Annotations

Branches:
Dungeon (4/15)
 Temple: D:4-7

Altars:
Ashenzari
Cheibriados
Dithmenos
Okawaru
Qazlal
Trog
Uskayaw

Annotations:
D:6 Eustachio


Innate Abilities, Weirdness & Mutations

You are resistant to torment.
Your stone body is resilient. (AC +4)
You are immune to poison.
You resist negative energy. (rN+)
You are resistant to electric shocks. (rElec)
You can survive without breathing.
You are immune to petrification.
You are immune to rotting.


Message History

You hit the iron imp.
The iron imp convulses.
The bat hits you.
* * * LOW HITPOINT WARNING * * *
The river rat closely misses you. The bat hits you but does no damage.
Eustachio casts a spell.
The iron imp hits you.
* * * LOW HITPOINT WARNING * * *
The iron imp barely misses you.
You closely miss Eustachio.
Eustachio is severely wounded.
Your chain mail prevents you from hitting the iron imp.
You hit the iron imp.
The iron imp convulses.
You kill the iron imp!
You hit the bat.
You kill the bat!
The bat's corpse disappears in a puff of smoke!
You hit the river rat but do no damage. The bat closely misses you.
The river rat bites you but does no damage.
Eustachio mumbles some strange words.
Eustachio blinks!
The river rat bites you.
You die...

####### .
##.....##.
........ #..@..#
.# #.?...##..#
#...b......
#.r§....... ##+
#.§@#######
####..##.55######
#........)......+
#......)........#
#...............#
#...............#
########.####+###
###


You could see Eustachio, an iron imp, a crimson imp, a river rat and a bat.

Vanquished Creatures
  A hound (D:6)
  An orc priest (D:2)
  An orc wizard (D:2)
  Jessica (D:2)
  Terence (D:2)
  3 adders (D:3)
  2 oozes (D:3)
  2 worms (D:3)
  A dart slug (D:2)
  A leopard gecko (D:3)
  7 orcs
  4 bats
  A giant cockroach (D:2)
  4 goblins
  4 hobgoblins
  5 kobolds
  A quokka (D:3)
  5 frilled lizards
  A quokka skeleton (D:6)
  10 rats
56 creatures vanquished.

Notes
Turn   | Place    | Note
-------+----------+-------------------------------------------
     0 | D:1      | Fang the Gargoyle Berserker began the quest for the Orb.
     0 | D:1      | Reached XP level 1. HP: 14/14 MP: 1/1
   218 | D:1      | Reached XP level 2. HP: 17/19 MP: 2/2
   520 | D:2      | Noticed Jessica
   525 | D:2      | Killed Jessica
   525 | D:2      | Reached XP level 3. HP: 13/24 MP: 3/3
   692 | D:2      | Found a shadowy altar of Dithmenos.
   694 | D:2      | Found an iron altar of Okawaru.
   696 | D:2      | Found a stormy altar of Qazlal.
   754 | D:2      | Found a hide-covered altar of Uskayaw.
   776 | D:2      | Noticed Terence
   787 | D:2      | Killed Terence
   787 | D:2      | Reached XP level 4. HP: 21/29 MP: 4/4
   863 | D:2      | Reached ** piety under Trog
  1214 | D:2      | Reached skill level 4 in Fighting
  1347 | D:2      | Reached XP level 5. HP: 17/33 MP: 5/5
  2301 | D:3      | Found a bloodstained altar of Trog.
  2357 | D:3      | Found a shattered altar of Ashenzari.
  2358 | D:3      | Found a snail-covered altar of Cheibriados.
  2397 | D:4      | You fall through a shaft for 2 floors!
  2398 | D:6      | Noticed Eustachio
  2401 | D:6      | Reached XP level 6. HP: 39/39 MP: 6/6
  2476 | D:6      | Slain by a river rat

Skill      XL: |  1  2  3  4 |
---------------+-------------+-----
Axes           | 3 |  3.7
Dodging        | 2 |  2.8
Armour         | 3 |  3.8
Fighting       | 4 |  4.6

Action                   |  1- 3 |  4- 6 || total
-------------------------+-------+-------++-------
Melee: Hand axe          |    48 |   228 ||   276
Invok: Berserk           |     1 |     1 ||     2
       Trog's Hand       |       |     2 ||     2
  Eat: Chunk             |       |     6 ||     6
       Ration            |       |     1 ||     1
Armor: Animal skin       |    16 |       ||    16
       Chain mail        |       |   233 ||   233
Dodge: Dodged            |    33 |   183 ||   216
